 Dungeon Crawl Stone Soup version 0.32-a0-768-g0f6f1dd4b9 (webtiles) character file.

Game seed: 44442194583982920

105 Griffin23 the Shield-Bearer (level 4, -5/41 HPs)
             Began as a Minotaur Fighter on Mar 18, 2024.
             Killed by nerve-wracking pain
             ... invoked by an orc priest
              (13 damage)
             ... on level 3 of the Dungeon.
             The game lasted 00:02:48 (2062 turns).

Griffin23 the Shield-Bearer (Minotaur Fighter)      Turns: 2062, Time: 00:02:48

Health: -5/41      AC:  9    Str: 23    XL:     4   Next: 53%
Magic:  3/3        EV:  7    Int:  5    God:
Gold:   83         SH:  4    Dex:  9    Spells: 3/3 levels left

rFire   . . .        a - +0 long sword
rCold   . . .        c - +0 buckler
rNeg    . . .        r - +0 chain mail
rPois   .            (helmet restricted)
rElec   .            (no cloak)
rCorr   .            (no gloves)
SInv    .            (no boots)
Will    .....        (no amulet) Stlth
                     (no ring)
HPRegen 0.26/turn    (no ring)
MPRegen 0.08/turn

%: no passive effects
@: no status effects
A: horns 2, retaliatory headbutt
a: Convert to Beogh


You were on level 3 of the Dungeon.
You visited 1 branch of the dungeon, and saw 3 of its levels.

You collected 83 gold pieces.

Inventory:

Hand Weapons
 a - a +0 long sword (weapon)
Armour
 b - a +0 scale mail
 c - a +0 buckler (worn)
 r - a +0 chain mail (worn)
Scrolls
 e - a scroll of enchant weapon {unknown}
 f - a scroll of blinking {unknown}
 g - 2 scrolls of noise {unknown}
 h - 3 scrolls of enchant armour {unknown}
 j - a scroll of vulnerability {unknown}
 m - a scroll of identify {unknown}
 n - a scroll of revelation {unknown}
 q - a scroll of acquirement {unknown}
Potions
 d - a potion of might
 i - 4 potions of heal wounds {unknown}
 k - 2 potions of lignification {unknown}
 l - a potion of attraction {unknown}
 o - a potion of curing {unknown}
 p - 2 potions of resistance {unknown}
 s - a potion of ambrosia {unknown}


   Skills:
 + Level 4.4 Fighting
 * Level 3.8 Long Blades
 + Level 4.4 Armour
 + Level 4.4 Shields


You had 3 spell levels left.
You didn't know any spells.
Your spell library contained the following spells:

 Spells                   Type           Power      Damage    Failure   Level
 Cigotuvi's Dreadful Rot  Necr/Alch/Air  0%         N/A       99%         2
 Ignite Poison            Fire/Alch      0%         N/A       100%        4
 Freezing Cloud           Conj/Ice/Air   0%         6-21      100%        5
 Malign Gateway           Summ/Tloc      0%         N/A       100%        7
 Summon Horrible Things   Summ           0%         N/A       100%        8


Dungeon Overview and Level Annotations

Branches:
Dungeon (3/15)

Altars:


Innate Abilities, Weirdness & Mutations

You have a pair of horns on your head.
You reflexively headbutt those who attack you in melee.


Message History

You are confused.
You bump into the rock wall.
The orc priest mumbles some strange prayers to Beogh against you.
Beogh smites you!
An orc comes into view. It is wielding a +0 club.
The orc wizard points at you and mumbles some strange words.
You resist with some effort.
You bump into the rock wall.
The orc wizard casts a spell.
The orc wizard flickers and vanishes!
Deactivating autopickup; reactivate with Ctrl-A.
You feel less confused.
The orc priest looks braver for a moment.
A puff of flame appears from out of thin air!
The puff of flame misses you. The orc attacks as it pursues you!
You block the orc's attack.
You hit the orc but do no damage. The orc barely misses you.
The orc priest miscasts a cantrip.
You hit the orc.
The orc is almost dead.
The orc hits you with a +0 club.
The orc priest hits you from afar with a +0 trident.
The orc hits you with a +0 club.
You barely miss the orc.
The orc is almost dead.
The orc priest calls down the wrath of Beogh upon you.
Beogh smites you!
* * * LOW HITPOINT WARNING * * *
The orc barely misses you. You furiously retaliate!
You headbutt the orc.
You kill the orc!
The orc priest attacks as it pursues you!
You block the orc priest's attack.
The orc priest attacks as it pursues you!
The orc priest hits you from afar with a +0 trident.
* * * LOW HITPOINT WARNING * * *
The orc priest invokes the aid of Beogh against you.
You barely resist.
The orc priest invokes the aid of Beogh against you.
Pain shoots through your body!
You die...

### ..# ##.# #. ######
#..###....
#########....##########........#
................@...o.o..#
..#######....÷#########.#....#
..# #...÷..)....# #.#.##.# ....
###.#.))....# #o#.# .....#
#.#.......###.#.# .....#
#.##..........#.. .....#
#.#######.....### .....# #..
#.....# ### #.....#


You could see an orc priest and an orc.

Vanquished Creatures
  2 orc priests (D:3)
  A dart slug (D:1)
  A ribbon worm (D:2)
  2 orcs (D:3)
  2 endoplasms
  3 giant cockroaches
  2 hobgoblins
  3 jackals (D:1)
  3 quokkas
  2 ball pythons
  3 bats
  A frilled lizard (D:1)
  5 goblins
  3 kobolds
  4 rats
37 creatures vanquished.

Notes
Turn   | Place    | Note
-------+----------+-------------------------------------------
     0 | D:1      | Griffin23 the Minotaur Fighter began the quest for the Orb.
     0 | D:1      | Reached XP level 1. HP: 19/19 MP: 0/0
   131 | D:1      | Reached XP level 2. HP: 25/27 MP: 1/1
  1046 | D:2      | Reached XP level 3. HP: 26/33 MP: 2/2
  1787 | D:3      | Reached XP level 4. HP: 28/40 MP: 3/3
  2062 | D:3      | Killed from afar by an orc priest

Illustrated notes

Levels and vault maps discovered:
D:1:      matt_arrival_diagonals, layout_basic
D:2:      layout_loops_corners, fountainhead
D:3:      layout_basic, hangedman_decor_lopped, uniq_terence

Skill      XL: |  1  2 |
---------------+-------+-----
Fighting       | 4 |  4.4
Armour         | 4 |  4.4
Shields        | 4 |  4.4
Long Blades    | 3 |  3.8

Action                     |  1- 3 |  4- 6 || total
---------------------------+-------+-------++-------
  Melee: Long sword        |    76 |    13 ||    89
         Headbutt          |    13 |       ||    13
 Armour: Scale mail        |    39 |       ||    39
         Chain mail        |    15 |    21 ||    36
  Dodge: Dodged            |    27 |    13 ||    40
  Block: Buckler           |    17 |     8 ||    25

Table legend: (Time is in decaauts)
 A = Elapsed time spent in this place.
 B = Non-inter-level travel time spent in this place.
 C = Inter-level travel time spent in this place.
 D = Time resting spent in this place.
 E = Time spent auto-exploring this place.
 F = Levels seen in this place.
 G = Mean time per level.
                   A        B        C        D        E       F      G
               +--------+--------+--------+--------+--------+-----+--------+
         Total |   2088 |   2025 |     63 |    229 |   1520 |   3 |  696.0 |
       Dungeon |   2088 |   2025 |     63 |    229 |   1520 |   3 |  696.0 |
               +--------+--------+--------+--------+--------+-----+--------+

Top non-repeatable levels by time:
     D:2: 965 daAuts
     D:1: 773 daAuts
     D:3: 349 daAuts
